 Dungeon Crawl Stone Soup version 0.27.1-34-g3ba077fa99 (webtiles) character file.

Game seed: 8002559282322606616

7 cbfl8 the Sneak (level 1, -1/20 HPs)
             Began as a Minotaur Delver on Jan 20, 2022.
             Was an Initiate of Yredelemnul.
             Slain by a phantom (8 damage)
             ... on level 4 of the Dungeon.
             The game lasted 00:01:08 (241 turns).

cbfl8 the Sneak (Minotaur Delver)                    Turns: 241, Time: 00:01:08

Health: -1/20      AC:  3    Str: 16    XL:     1   Next: 91%
Magic:  0/0        EV: 11    Int:  7    God:    Yredelemnul [......]
Gold:   0          SH:  0    Dex: 11    Spells: 0/0 levels left

rFire    . . .     SeeInvis .   a - +0 hand axe
rCold    . . .     Faith    .   (no shield)
rNeg     . . .     Spirit   .   b - +0 leather armour
rPois    .         Reflect  .   (helmet restricted)
rElec    .         Harm     .   (no cloak)
rCorr    .         Rampage  .   (no gloves)
Will     .....                  (no boots)
Stlth    ++........             (no amulet)
HPRegen  0.06/turn              (no ring)
MPRegen  0.07/turn              (no ring)

@: lethally poisoned (-1 -> -9)
A: horns 2, retaliatory headbutt
a: Renounce Religion


You were on level 4 of the Dungeon.
You worshipped Yredelemnul.
Yredelemnul was noncommittal.
You visited 2 branches of the dungeon, and saw 3 of its levels.

Inventory:

Hand Weapons
 a - a +0 hand axe (weapon)
Missiles
 h - 23 poisoned darts (quivered)
Armour
 b - a +0 leather armour (worn)
Wands
 g - a wand of digging (3)
Scrolls
 c - a scroll of fog
 d - a scroll of magic mapping
 e - a scroll of fear


   Skills:
 + Level 3.7 Fighting
 + Level 2.5 Axes
 + Level 0.7 Armour
 + Level 2.2 Dodging
 + Level 4.2 Stealth


You couldn't memorise any spells.
You didn't know any spells.
Your spell library was empty.

Dungeon Overview and Level Annotations

Branches:
Dungeon (5/15)             Temple (1/1) D:5

Altars:
Ashenzari
Cheibriados
Dithmenos
Elyvilon
Fedhas
Gozag
Hepliaklqana
Kikubaaqudgha
Makhleb
Nemelex Xobeh
Okawaru
Qazlal
Ru
Sif Muna
Trog
Uskayaw
Vehumet
Wu Jian
Xom
Yredelemnul
Zin
The Shining One


Innate Abilities, Weirdness & Mutations

You have a pair of horns on your head.
You reflexively headbutt those who attack you in melee.


Message History

An adder skeleton comes into view.
Found 2 scrolls labelled SUGHOA BU DAUGH.
Found a scroll labelled SUGHOA BU DAUGH.
Your extra speed is starting to run out.
The gnoll shaman calls upon its god to speed up something.
You open the door.
A phantom comes into view.
You feel yourself slow down.
A jackal and a hound come into view.
Found 6 gold pieces.
You are no longer glowing.
There is an open door here.
The hound barks!
You hear a bark!
A jackal comes into view.
The phantom hits you.
You hit the phantom but do no damage. You hit the jackal. You hit the hound.
The jackal bites you. The hound bites you. The phantom hits you.
The jackal barely misses you. The hound completely misses you.
You furiously retaliate!
You headbutt the hound. The phantom misses you.
You closely miss the phantom. Your headbutt misses the phantom.
You closely miss the adder. You hit the jackal. You closely miss the hound.
The adder bites you but does no damage. The hound barely misses you.
The jackal bites you but does no damage.
The adder bites you.
You are poisoned.
The adder poisons you!
The phantom hits you but does no damage.
The hound misses you.
You completely miss the phantom. You miss the adder.
You closely miss the jackal. You hit the jackal. You miss the hound.
You feel sick. The jackal misses you. You furiously retaliate!
You headbutt the jackal.
You kill the jackal!
Yredelemnul accepts your kill.
The jackal bites you but does no damage.
The hound closely misses you. The adder bites you.
You are lethally poisoned!
The adder poisons you! The phantom hits you!
You die...
Your body rises from the dead as a mindless zombie.

.. #' +####.. #...
....... .#.. ....... .'.
....... ..# .. ..###.$
#### ####'##...
..########..###.........
.........?....#S@W......
.............Z'h†h......
............g.#g........
...##.........#.........
...##.....?...#.$.......
........##....#.........
........#######.........
....#...# #.........
....##### #.....###


You could see a phantom, a hound, 2 gnolls, an adder, a jackal and an adder
skeleton.

Vanquished Creatures
  An ufetubus (D:4)
  A jackal (D:4)
  2 ball pythons (D:4)
4 creatures vanquished.

Notes
Turn   | Place    | Note
-------+----------+-------------------------------------------
     0 | D:5      | cbfl8 the Minotaur Delver began the quest for the Orb.
     0 | D:5      | Reached XP level 1. HP: 19/19 MP: 0/0
    15 | D:5      | Found a staircase to the Ecumenical Temple.
    21 | Temple   | Entered the Ecumenical Temple
    89 | Temple   | Became a worshipper of Yredelemnul the Dark
   175 | D:4      | Noticed a gnoll shaman
   182 | D:4      | Found a shadowy altar of Dithmenos.
   234 | D:4      | Noticed a phantom
   235 | D:4      | Noticed a hound
   241 | D:4      | Slain by a phantom

Illustrated notes

Levels and vault maps discovered:
D:4:      layout_gridville, mainiacjoe_overflow_cross_hatched, minmay_cut_off
D:5:      layout_loops_ring, minmay_temple_entry_hall,
          kennysheep_big_empty_room, dk_vineyard_2, minivault_19
Temple:   grunt_wide_crystal_templ

Action                   || total
-------------------------++-------
Melee: Hand axe          ||     8
       Headbutt          ||     1
  Use: Potion            ||     1
Armor: Leather armour    ||     6
Dodge: Dodged            ||    10
